 Dungeon Crawl Stone Soup version 0.18-a0-952-g309898a (webtiles) character file.

5654 sugabear the Ducker (level 10, -9/51 HPs)
             Began as a Vine Stalker Gladiator on Jan 1, 2016.
             Was an Elder of Qazlal.
             Mangled by Maud
             ... wielding a +0 great sword of slicing
              (12 damage)
             ... on level 10 of the Dungeon.
             The game lasted 00:17:18 (8579 turns).

sugabear the Ducker (Vine Stalker Gladiator)        Turns: 8579, Time: 00:17:18

Health: -9/51      AC:  7    Str: 17    XL:     10   Next: 74%
Magic:  0/24       EV: 12    Int: 10    God:    Qazlal [****..]
Gold:   552        SH:  5    Dex: 17    Spells: 0 memorised, 9 levels left

rFire  + + .     SeeInvis .     x - +0 whip (freeze)
rCold  . . .     Gourm    .     l - +0 ring mail (curse)
rNeg   . . .     Faith    .     (no shield)
rPois  .         Spirit   +     (helmet restricted)
rElec  .         Dismiss  .     (no cloak)
rCorr  .         Reflect  .     (no gloves)
SustAt .         Harm     .     B - +0 pair of boots
MR     +....                    (no amulet)
Stlth  +.........               z - ring of invisibility
                                k - ring of magical power

@: very slightly contaminated, repel missiles, invisible (expiring), somewhat
resistant to hostile enchantments, very unstealthy
A: antennae 1, fangs 3, repulsion field 1, clever 1, fire resistance 2,
regeneration 2, weak 1, magic shield, antimagic bite, no device heal 3, rot
immunity
a: Upheaval, Elemental Force, Renounce Religion, Turn Visible


You were on level 10 of the Dungeon.
You worshipped Qazlal.
Qazlal was greatly pleased with you.
You were not hungry.

You visited 2 branches of the dungeon, and saw 11 of its levels.
You also visited: Ossuary.

You collected 552 gold pieces.

Inventory:

Hand Weapons
 q - a +0 whip of holy wrath
 x - a +0 whip of freezing (weapon)
 N - a +1 mace
Missiles
 d - 2 throwing nets (quivered)
 y - 4 javelins of returning
Armour
 e - a +0 shield
 l - a cursed +0 ring mail (worn)
 o - a +1 helmet of see invisible
 B - a +0 pair of boots (worn)
 E - the +4 ring mail of Loss {Dex+2, unknown}
   (You found it on level 6 of the Dungeon)

   It affects your dexterity (+2).
Jewellery
 k - a ring of magical power (left hand)
 z - a ring of invisibility (right hand)
Wands
 r - a wand of flame (4/48)
 K - a wand of heal wounds (3/9)
 L - a wand of fire (0/15)
 M - a wand of paralysis (3/24)
Scrolls
 b - 3 scrolls of teleportation {unknown}
 g - a scroll of noise {unknown}
 h - a scroll of random uselessness {unknown}
 i - 2 scrolls of immolation {unknown}
 m - 3 scrolls of remove curse {unknown}
 n - 10 scrolls of identify {unknown}
 p - a scroll of fear {unknown}
 t - 2 scrolls of fog {unknown}
 w - a scroll of enchant armour {unknown}
 C - 2 scrolls of enchant weapon {unknown}
 D - 2 scrolls of recharging {unknown}
 F - a scroll of vulnerability {unknown}
 I - 2 scrolls of amnesia {unknown}
Potions
 c - a potion of curing {unknown}
 j - 2 potions of agility
 s - 2 potions of poison
 u - 3 potions of brilliance
 v - 2 potions of ambrosia
 A - a potion of cancellation
Books
 H - a book of Flames

   Spells                             Type                      Level
   a - Flame Tongue                   Conjuration/Fire             1
   b - Throw Flame                    Conjuration/Fire             2
   c - Conjure Flame                  Conjuration/Fire             3
   d - Inner Flame                    Hexes/Fire                   3
   e - Sticky Flame                   Conjuration/Fire             4
   f - Fireball                       Conjuration/Fire             5
 J - a book of Necromancy

   Spells                             Type                      Level
   a - Pain                           Necromancy                   1
   b - Animate Skeleton               Necromancy                   1
   c - Vampiric Draining              Necromancy                   3
   d - Regeneration                   Charms/Necromancy            3
   e - Animate Dead                   Necromancy                   4
   f - Control Undead                 Necromancy                   4
Comestibles
 a - a meat ration
 f - 7 bread rations
 G - a chunk of flesh


   Skills:
 + Level 5.5 Fighting
 + Level 5.9 Maces & Flails
 + Level 2.7 Throwing
 + Level 5.6 Armour
 + Level 7.2 Dodging
 - Level 0.3 Stealth
 + Level 2.4 Shields
 * Level 6.2 Invocations
 * Level 3.0 Evocations


You had 9 spell levels left.
You didn't know any spells.

Dungeon Overview and Level Annotations

Branches:
Dungeon (10/15)            Temple (1/1) D:7
   Lair: D:8-11         Orc: D:9-12

Altars:
Ashenzari
Cheibriados
Dithmenos
Elyvilon
Fedhas
Gozag
Kikubaaqudgha
Makhleb
Nemelex Xobeh
Okawaru
Pakellas
Qazlal
Ru
Sif Muna
Trog
Vehumet
Xom
Yredelemnul
Zin
The Shining One

Annotations:
D:10 Maud


Innate Abilities, Weirdness & Mutations

You have razor-sharp teeth.
You heal very quickly.
When hurt, damage is shared between your health and your magic reserves.
Your bite disrupts and absorbs the magic of your enemies.
Potions and wands cannot restore your health.
You are immune to rotting.
You have a pair of small antennae on your head.
You are surrounded by a mild repulsion field (EV +2).
Your mind is acute. (Int +2)
Your flesh is very heat resistant.
You are weak. (Str -2)


Message History

The sky beast misses you. You block Maud's attack.
You hit Maud but do no damage. You bite Maud, but do no damage.
Maud is severely wounded.
You block the kobold's attack. The sky beast hits you.
The sky beast shocks you. Maud barely misses you.
You hit Maud. You freeze Maud. Your bite misses Maud.
Maud is almost dead.
You block the kobold's attack. The sky beast completely misses you.
You hit Maud but do no damage. You bite Maud, but do no damage.
Maud is almost dead.
The orc warrior is engulfed in freezing vapours.
Maud hits you with a great sword of slicing!!
* * * LOW HITPOINT WARNING * * *
x2 The kobold hits you but does no damage.
The sky beast closely misses you.
You are too injured to fight recklessly!
Unknown command.
The orc warrior is engulfed in freezing vapours.
The kobold closely misses you.
Maud hits you with a great sword of slicing!
You die...

....#
....#
....#
....#
.... {K§#
##@o#
#@Yo#
##K§....#
.§....+
#.....#
......
......
.....
.....


You could see Maud, an orc warrior, a sky beast, an orc and 2 kobolds.

Vanquished Creatures
  A hill giant (D:9)
  Pikel (D:3)
  Maurice (D:8)
  Psyche (D:8)
  Prince Ribbit (D:9)
  Grum (D:8)
  A hungry ghost (D:7)
  3 wolves
  A water moccasin (D:8)
  The ghost of MetaCosm the Ducker, an amateur SpWr (D:3)
  A slave (D:3)
  An orc warrior (D:5)
  A phantom (D:4)
  3 ice beasts
  3 centaurs
  An ogre (D:6)
  3 big kobolds (D:9)
  5 giant frogs
  3 scorpions
  8 killer bees
  3 wights (D:8)
  2 crimson imps
  5 hounds
  A giant frog skeleton (D:9)
  2 jellies (D:5)
  5 orc wizards
  A gnoll shaman (D:6)
  2 human zombies (Ossuary)
  5 orc priests
  3 centaur zombies
  Ijyb (D:3)
  An iguana (D:4)
  Natasha (thrice) (D:2)
  2 worker ants (D:4)
  A big kobold zombie (Ossuary)
  3 mummies
  9 adders
  3 gnolls (D:6)
  A shadow imp (D:7)
  An ooze (D:1)
  4 adder zombies
  4 worms
  An adder skeleton (D:7)
  4 giant geckos
  22 orcs
  4 bats
  A giant cockroach (D:1)
  3 hobgoblins
  4 jackals (D:6)
  23 kobolds
  2 ball pythons (D:4)
  A giant cockroach zombie (D:4)
  6 giant newts
  2 goblins
  2 goblin zombies (Ossuary)
  10 hobgoblin zombies (Ossuary)
  8 kobold zombies (Ossuary)
  6 orc zombies (Ossuary)
  3 quokkas
  7 rats
  3 rat zombies (Ossuary)
  A bush (D:7)
216 creatures vanquished.

Notes
Turn   | Place    | Note
--------------------------------------------------------------
     0 | D:1      | sugabear the Vine Stalker Gladiator began the quest for the Orb.
     0 | D:1      | Reached XP level 1. HP: 11/11 MP: 2/2
    82 | D:1      | Reached XP level 2. HP: 15/15 MP: 3/3
   302 | D:1      | Reached skill level 3 in Maces & Flails
   656 | D:2      | Reached XP level 3. HP: 15/18 MP: 4/4
   714 | D:2      | Noticed Natasha
   729 | D:2      | Killed Natasha
   819 | D:2      | Reached XP level 4. HP: 23/23 MP: 5/5
   871 | D:2      | Found a glowing silver altar of Zin.
   965 | D:2      | Noticed Natasha
   975 | D:2      | Killed Natasha
   975 | D:2      | Reached skill level 1 in Armour
  1251 | D:2      | Noticed Natasha
  1262 | D:2      | Killed Natasha
  1262 | D:2      | Reached XP level 5. HP: 13/26 MP: 6/6
  1617 | D:3      | Found a white marble altar of Elyvilon.
  1621 | D:3      | Noticed Ijyb
  1634 | D:3      | Killed Ijyb
  1652 | D:3      | Noticed MetaCosm's ghost (amateur SpWr)
  1750 | D:3      | Killed MetaCosm's ghost
  1750 | D:3      | Gained mutation: You heal very quickly. [Vine Stalker growth]
  1750 | D:3      | Reached XP level 6. HP: 30/32 MP: 7/7
  2058 | D:3      | Found a stormy altar of Qazlal.
  2108 | D:3      | Found a shimmering altar of Xom.
  2109 | D:3      | Found a shimmering altar of Xom.
  2110 | D:3      | Found a shimmering altar of Xom.
  2136 | D:3      | Found a shimmering altar of Xom.
  2137 | D:3      | Found a shimmering altar of Xom.
  2200 | D:3      | Became a worshipper of Qazlal Stormbringer
  2368 | D:4      | Noticed a moth of wrath
  2371 | D:4      | Found a bloodstained altar of Trog.
  2616 | D:4      | Noticed Pikel
  2746 | D:3      | Killed Pikel
  2746 | D:3      | Reached skill level 4 in Maces & Flails
  2746 | D:3      | Reached XP level 7. HP: 27/36 MP: 9/9
  2862 | D:4      | Gained mutation: You have razor-sharp teeth. [Vine Stalker growth]
  2862 | D:4      | Reached XP level 8. HP: 30/42 MP: 10/10
  3130 | D:4      | Reached * piety under Qazlal
  3247 | D:4      | Found a radiant altar of Vehumet.
  3390 | D:5      | Entered Level 5 of the Dungeon
  3411 | D:5      | Found a deep blue altar of Sif Muna.
  4062 | D:6      | Reached skill level 5 in Dodging
  4183 | D:6      | Got an ichor-stained ring mail
  4500 | D:6      | Reached skill level 5 in Maces & Flails
  4563 | D:6      | Found a snail-covered altar of Cheibriados.
  4903 | D:6      | Found a burning altar of Makhleb.
  5048 | D:6      | Reached XP level 9. HP: 45/45 MP: 12/12
  5270 | D:7      | Found a shattered altar of Ashenzari.
  5544 | D:7      | Reached ** piety under Qazlal
  5563 | D:7      | Reached skill level 1 in Shields
  5618 | D:7      | Found a sand-covered staircase.
  5643 | Ossuary  | Entered an ossuary
  5779 | Ossuary  | Reached *** piety under Qazlal
  5893 | D:7      | Found a staircase to the Ecumenical Temple.
  5900 | Temple   | Entered the Ecumenical Temple
  6238 | D:7      | Reached skill level 1 in Evocations
  6427 | D:8      | Noticed Psyche
  6487 | D:8      | Reached skill level 5 in Armour
  6516 | D:8      | Noticed Maurice
  6547 | D:7      | Gained mutation: Your flesh is heat resistant. [potion of mutation]
  6547 | D:7      | Gained mutation: Your mind is acute. (Int +2) [potion of mutation]
  6547 | D:7      | Gained mutation: Your flesh is very heat resistant. [potion of mutation]
  6557 | D:7      | HP: 2/46 [poisoned by a killer bee]
  6562 | D:7      | HP: 2/46 [poisoned by a killer bee]
  6567 | D:7      | HP: 2/46 [poisoned by a killer bee]
  6706 | D:7      | Gained mutation: You are weak. (Str -2) [potion of mutation]
  6706 | D:7      | Gained mutation: You have a pair of small antennae on your head. [potion of mutation]
  6706 | D:7      | Gained mutation: You are surrounded by a mild repulsion field (EV +2). [potion of mutation]
  6771 | D:8      | Killed Maurice
  6771 | D:8      | Reached skill level 5 in Fighting
  6771 | D:8      | Reached skill level 6 in Dodging
  6771 | D:8      | Reached skill level 5 in Invocations
  6920 | D:8      | Reached XP level 10. HP: 41/51 MP: 15/15
  6977 | D:8      | Killed Psyche
  7182 | D:8      | Found an oddly glowing altar of Pakellas.
  7187 | D:8      | Found a basalt altar of Yredelemnul.
  7549 | D:9      | Noticed Prince Ribbit
  7623 | D:9      | Killed Prince Ribbit
  7632 | D:9      | Noticed Grum
  7716 | D:8      | Reached **** piety under Qazlal
  7826 | D:8      | Killed Grum
  8002 | D:9      | Found a blossoming altar of Fedhas.
  8281 | D:10     | Entered Level 10 of the Dungeon
  8332 | D:10     | Noticed a hill giant
  8337 | D:10     | Noticed Maud
  8342 | D:9      | Reached skill level 7 in Dodging
  8348 | D:9      | Killed a hill giant
  8579 | D:10     | Mangled by Maud

Vault maps used:
D:1:      minmay_arrival_checkered_box
D:2:      lemuel_doored_altar, uniq_natasha
D:3:      overflow_temple_1_default, marbit_many_paths, first_bread,
          xom_redecorated, uniq_iyjb
D:4:      lemuel_coloured_pillars_altar, tgw_trog,
          kennysheep_opposing_triangles, uniq_pikel
D:5:      lemuel_crystal_altar, dk_noncrumbling_2, minmay_misc_feat_tower
D:6:      slow_altar_2, kennysheep_mini_moat
D:7:      lemuel_ice_spiral_2, cheibrodos_ashenzari_chains,
          minmay_temple_entry_enclosed_plants, nicolae_ossuary_entry_ruins
D:8:      grunt_temple_overflow_open, uniq_maurice, uniq_psyche
D:9:      kennysheep_little_box, uniq_prince_ribbit1, uniq_grum
D:10:     orc_0_dummy, basic_altar, uniq_maud
Temple:   minmay_temple_bridge_a_8
Ossuary:  ossuary_tomb_1

Action                   |  1- 3 |  4- 6 |  7- 9 | 10-12 || total
-------------------------+-------+-------+-------+-------++-------
Melee: Flail             |    52 |   146 |       |       ||   198
       Whip              |       |       |   436 |   243 ||   679
       Mace              |       |       |    15 |       ||    15
       Unarmed           |       |       |       |    12 ||    12
Throw: Throwing net      |       |     1 |     4 |     4 ||     9
       Javelin           |       |       |       |     2 ||     2
 Abil: Evoke Invisibilit |       |       |     2 |     2 ||     4
Evoke: Wand              |       |     5 |     2 |       ||     7
  Use: Potion            |       |       |    10 |     2 ||    12
 Stab: Sleeping          |     1 |       |       |       ||     1
       Invisible         |       |       |     9 |     7 ||    16
       Distracted        |       |       |       |     1 ||     1
  Eat: Meat ration       |       |     1 |       |       ||     1
       Chunk             |       |     1 |    13 |     6 ||    20
       Fruit             |       |       |     3 |       ||     3
       Beef jerky        |       |       |     1 |       ||     1
       Pizza             |       |       |       |     1 ||     1
